 Dungeon Crawl Stone Soup version 0.30.0-30-g96aa6591b8 (webtiles) character file.

Game seed: 9184028377278980938

20 cheesebisquit the Magician (level 3, 0/27 HPs)
             Began as a Djinni Venom Mage on June 26, 2023.
             Slain by a ball python (2 damage)
             ... on level 2 of the Dungeon.
             The game lasted 00:02:42 (900 turns).

cheesebisquit the Magician (Djinni Venom Mage)       Turns: 900, Time: 00:02:43

Health: 0/27       AC:  3    Str:  7    XL:     3   Next: 0%
Gold:   84         EV:  9    Int: 18    God:
                   SH:  0    Dex: 13

rFire   + + .        (no weapon)
rCold   x . .        (no shield)
rNeg    . . .        a - +0 robe
rPois   ∞            (no helmet)
rElec   .            h - +0 cloak
rCorr   .            (no gloves)
SInv    .            (boots unavailable)
Will    .....        (no amulet)
Stlth   ++           (no ring)
HPRegen 0.24/turn    (no ring)
MPRegen 0.00/turn

%: infuse magic (-1 HP)
@: flying, constricted
A: sickness immunity, fire resistance 2, cold vulnerability 1, float, innate
caster, HP casting, extra vitality 1
a: no special abilities


You were on level 2 of the Dungeon.
You visited 1 branch of the dungeon, and saw 2 of its levels.

You collected 84 gold pieces.

Inventory:

Armour
 a - a +0 robe (worn)
 h - a +0 cloak (worn)
Scrolls
 b - 4 scrolls of identify {unknown}
 c - 2 scrolls of vulnerability {unknown}
 d - 2 scrolls of butterflies {unknown}
 g - a scroll of magic mapping {unknown}
 k - a scroll of enchant weapon {unknown}
Potions
 e - a potion of flight {unknown}
 f - 2 potions of haste {unknown}
 i - a potion of curing {unknown}
 j - a potion of lignification {unknown}
 l - a potion of heal wounds {unknown}


   Skills:
 + Level 1.5 Fighting
 - Level 2.1 Dodging
 - Level 1.5 Stealth
 + Level 2.8 Spellcasting


You knew the following spells:

 Your Spells              Type           Power      Damage    Failure   Level
a - Sting                 Tmut/Pois      48%        1d5       5%          1
b - Poisonous Vapours     Pois/Air       24%        N/A       8%          2
c - Mephitic Cloud        Conj/Pois/Air  12%        N/A       16%         3
d - Olgreb's Toxic Radia  Pois           12%        N/A       45%         4
e - Freeze                Ice            48%        1d6       5%          1
Your spell library was empty.

Dungeon Overview and Level Annotations

Branches:
Dungeon (2/15)

Altars:
Trog


Innate Abilities, Weirdness & Mutations

You are immune to sickness and miasma.
You are immune to poison.
Your flesh is very heat resistant. (rF++)
You are vulnerable to cold. (rC-)
You float through the air rather than walking.
You learn spells naturally, not from books.
Your magical power is your life essence.
You have superior vitality. (+4 MHP)


Message History

Press: ? - help, Q - select action, (/) - cycle Shift-Dir - straight line, f - ball python
Aim: a ball python (68% to hit)
The sting hits the ball python.
The ball python is poisoned.
The ball python is moderately wounded.
The ball python bites you but does no damage.
The ball python barely misses you. The ball python constricts you.
Aiming: Sting (safe; 6% risk of failure)
Press: ? - help, Q - select action, (/) - cycle Shift-Dir - straight line, f/p - ball python
Aim: a ball python (moderately wounded, poisoned, 68% to hit)
The sting hits the ball python.
The ball python looks even sicker.
You kill the ball python!
The ball python barely misses you. The ball python constricts you.
The ball python bites you.
* * * LOW HITPOINT WARNING * * *
Aiming: Sting (safe; 6% risk of failure)
Press: ? - help, Q - select action, (/) - cycle Shift-Dir - straight line, f - ball python
Aim: a ball python (68% to hit)
The sting hits the ball python.
The ball python is poisoned.
You kill the ball python!
* * * LOW HITPOINT WARNING * * *
The ball python bites you.
* * * LOW HITPOINT WARNING * * *
The ball python constricts you.
* * * LOW HITPOINT WARNING * * *
You have reached level 3!
Your experience leads to an increase in your attributes!
Increase (S)trength, (I)ntelligence, or (D)exterity?
You feel clever. x2
The power to cast Freeze wells up from within.
Spell assigned to 'e'.
Aiming: Sting (safe; 5% risk of failure)
Press: ? - help, Q - select action, (/) - cycle Shift-Dir - straight line, f - ball python
Aim: a ball python (constricting you, 68% to hit)
The sting hits the ball python.
The ball python is poisoned.
The ball python is moderately wounded.
* * * LOW HITPOINT WARNING * * *
The ball python completely misses you. The ball python constricts you.
* * * LOW HITPOINT WARNING * * *
The ball python bites you.
You die...

#.# #.# ##.#..... #.# #.#
##.....<.
#####.###.###........ .......
..................... .?.....
..........###.##..... .......
######....###.#...... .......
##....##.#...... .......
###...#.##.#......
.......#####@...##..#.##.....
#....†..S†..## #.... ....#
##.).......## ##.#
#..†###...## #.# ......#
##..# ... ...... ..... ...
....# ....... .... ...#####.
... ###


You could see a ball python (poisoned).

Vanquished Creatures
  2 ball pythons (D:2)
  3 giant cockroaches
  3 goblins
  2 hobgoblins
  A jackal (D:2)
  A quokka (D:1)
  A bat (D:1)
  A kobold (D:1)
  3 rats
17 creatures vanquished.

Notes
Turn   | Place    | Note
-------+----------+-------------------------------------------
     0 | D:1      | cheesebisquit the Djinni Venom Mage began the quest for the
                  | Orb.
     0 | D:1      | cheesebisquit set off with the following spells memorised:
                  | Sting, Poisonous Vapours, Mephitic Cloud, Olgreb's Toxic
                  | Radiance.
     0 | D:1      | Reached XP level 1. HP: 15/15 MP: 0/0
   306 | D:1      | Reached XP level 2. HP: 19/22 MP: 0/0
   417 | D:1      | Found a bloodstained altar of Trog.
   683 | D:1      | Reached skill level 1 in Fighting
   900 | D:2      | Reached XP level 3. HP: 4/27 MP: 0/0
   900 | D:2      | Learned a level 1 spell: Freeze
   900 | D:2      | Slain by a ball python

Illustrated notes

Levels and vault maps discovered:
D:1:      dpeg_arrival_water_altar, layout_loops_ring, minmay_misc_feat_five
D:2:      layout_rooms

Skill      XL: |  1  2 |
---------------+-------+-----
Fighting       | 1 |  1.5
Dodging        | |  2.1
Stealth        | |  1.5
Spellcasting   | |  2.8

Action                     || total
---------------------------++-------
   Cast: Sting             ||    33
 Armour: Robe              ||     3
  Dodge: Dodged            ||    19
